 Dungeon Crawl Stone Soup version 0.28-a0-730-g892d06dc2c (webtiles) character file.

Game seed: 10075264469292371135

131 ytrimaz the Caller (level 4, -10/24 HPs)
             Began as a Deep Elf Summoner on Oct 28, 2021.
             Killed by nerve-wracking pain
             ... invoked by Grinder
              (14 damage)
             ... on level 3 of the Dungeon.
             The game lasted 00:05:55 (3291 turns).

ytrimaz the Caller (Deep Elf Summoner)              Turns: 3291, Time: 00:05:55

Health: -10/24     AC:  4    Str:  5    XL:     4   Next: 91%
Magic:  1/12       EV: 13    Int: 21    God:
Gold:   116        SH:  0    Dex: 15    Spells: 6/12 levels left

rFire   + . .      SeeInvis .   g - +0 rapier
rCold   . . .      Faith    .   (no shield)
rNeg    . . .      Spirit   .   a - +0 robe
rPois   .          Reflect  .   d - +1 helmet
rElec   .          Harm     .   (no cloak)
rCorr   .          Rampage  .   (no gloves)
Will    .....                   (no boots)
Stlth   ++........              (no amulet)
HPRegen 0.08/turn               m - ring of protection from fire
MPRegen 0.13/turn               (no ring)

@: no status effects
A: no striking features
a: no special abilities


You were on level 3 of the Dungeon.
You visited 1 branch of the dungeon, and saw 3 of its levels.

You collected 116 gold pieces.

Inventory:

Hand Weapons
 g - a +0 rapier (weapon)
Missiles
 e - a throwing net
Armour
 a - a +0 robe (worn)
 d - a +1 helmet (worn)
Jewellery
 k - an amulet of faith
 m - a ring of protection from fire (left hand)
Scrolls
 h - a scroll of torment {unknown}
 i - 2 scrolls of acquirement {unknown}
 j - a scroll of enchant armour {unknown}
 l - a scroll of enchant weapon {unknown}
Potions
 b - 2 potions of berserk rage {unknown}
 c - a potion of flight {unknown}
 f - a potion of attraction {unknown}


   Skills:
 - Level 0.4 Short Blades
 * Level 3.0 Dodging
 - Level 2.5 Stealth
 + Level 4.5 Spellcasting
 + Level 5.5 Summonings
 * Level 1.6 Translocations


You had 6 spell levels left.
You knew the following spells:

 Your Spells              Type           Power      Damage    Failure   Level
a - Summon Small Mammal   Summ           100%       N/A       1%          1
b - Blink                 Tloc           22%        N/A       9%          2
c - Call Canine Familiar  Summ           27%        N/A       3%          3

Your spell library contained the following spells:

 Spells                   Type           Power      Damage    Failure   Level
 Call Imp                 Summ           27%        N/A       1%          2
 Summon Guardian Golem    Hex/Summ       16%        N/A       11%         3
 Lesser Beckoning         Tloc           11%        N/A       17%         3
 Ignite Poison            Fire/Tmut/Pois 4%         N/A       34%         3
 Mephitic Cloud           Conj/Pois/Air  4%         N/A       34%         3
 Summon Lightning Spire   Summ/Air       16%        N/A       36%         4
 Manifold Assault         Tloc           11%        N/A       85%         5
 Freezing Cloud           Conj/Ice/Air   2%         6-21      97%         5


Dungeon Overview and Level Annotations

Branches:
Dungeon (3/15)

Altars:

Annotations:
D:3 Grinder


Message History

Grinder gestures at you.
You barely resist.
You are too injured to fight recklessly!
Casting: Summon Small Mammal (safe; 1% risk of failure)
Confirm with . or Enter, or press ? or * to list all spells.
Your quokka bites Grinder.
Unknown command.
Grinder blinks!
Grinder completely misses your quokka.
Your quokka barely misses Grinder.
Grinder zaps a wand.
The puff of flame hits your quokka!
Your quokka dies!
Your quokka's corpse disappears in a puff of smoke!
Casting: Summon Small Mammal (safe; 1% risk of failure)
Confirm with . or Enter, or press ? or * to list all spells.
You don't have enough magic to cast this spell.
Casting: Summon Small Mammal (safe; 1% risk of failure)
Confirm with . or Enter, or press ? or * to list all spells.
You swap places.
Grinder closely misses your quokka.
Your quokka barely misses Grinder.
Grinder gestures at you.
Your quokka struggles to resist.
An endoplasm comes into view.
Your quokka barely misses Grinder.
Grinder zaps a wand.
The puff of flame hits your quokka.
The endoplasm hits you but does no damage.
You barely miss the endoplasm. The endoplasm barely misses you.
You hit the endoplasm.
The endoplasm is lightly wounded.
The endoplasm barely misses you.
Casting: Summon Small Mammal (safe; 1% risk of failure)
Confirm with . or Enter, or press ? or * to list all spells.
Your quokka disappears in a puff of smoke!
The endoplasm freezes you.
You are frozen.
* * * LOW HITPOINT WARNING * * *
Grinder gestures at you. Pain shoots through your body!
Ouch! That really hurt!
You die...

.# .#.#..# ...#..##
..#.... #)# ..#
#5.... #### ##.#.##
.b# ......# #J#
#...# ## #@# #.o.#
.. #§##### #...#.#
######.....# #.r...#
#.r..5.....#
##o##.###5#######..#
#.# #....§§.......#
#.#########5...#..#
#.).....r5..##..# #
#.##†.####........#


You could see Grinder, an endoplasm (ally target) and a friendly bat (summoned).

Vanquished Creatures
  A worm (D:2)
  An orc (D:3)
  A bat zombie (D:2)
  2 endoplasms (D:2)
  A giant cockroach (D:2)
  A goblin (D:2)
  2 quokkas
  A ball python (D:2)
  A ball python zombie (D:2)
  A bat (D:1)
  A frilled lizard (D:2)
  3 kobolds
  A rat (D:2)
17 creatures vanquished.

Vanquished Creatures (collateral kills)
  Natasha (D:3)
  A hound skeleton (D:2)
  2 adders (D:2)
  2 worms (D:2)
  3 orcs (D:3)
  4 ball pythons
  5 bats
  A bat skeleton (D:2)
  An endoplasm (D:2)
  A giant cockroach (D:3)
  3 goblins
  3 hobgoblins
  4 jackals (D:3)
  4 kobolds
  2 quokkas
  A ball python zombie (D:2)
  A frilled lizard (D:2)
  A giant cockroach zombie (D:2)
  A quokka skeleton (D:2)
  A rat (D:2)
42 creatures vanquished.

Grand Total: 59 creatures vanquished

Notes
Turn   | Place    | Note
-------+----------+-------------------------------------------
     0 | D:1      | ytrimaz the Deep Elf Summoner began the quest for the Orb.
     0 | D:1      | Reached XP level 1. HP: 10/10 MP: 6/6
   350 | D:1      | Reached XP level 2. HP: 12/15 MP: 6/8
  1132 | D:2      | Learned a level 2 spell: Blink
  1152 | D:2      | Reached skill level 5 in Summonings
  1164 | D:2      | Reached XP level 3. HP: 19/19 MP: 5/10
  1168 | D:2      | Learned a level 3 spell: Call Canine Familiar
  2089 | D:2      | Reached skill level 1 in Translocations
  2089 | D:2      | Reached XP level 4. HP: 22/24 MP: 9/12
  3218 | D:3      | Noticed Grinder
  3220 | D:3      | Paralysed by Grinder for 4 turns
  3247 | D:3      | Noticed Natasha
  3252 | D:3      | Killed Natasha
  3291 | D:3      | Killed from afar by Grinder

Illustrated notes

Levels and vault maps discovered:
D:1:      arrival_zaba_pyramid, layout_basic, kennysheep_nondescript
D:2:      layout_basic, serial_undead, serial_undead_e, serial_undead_e,
          serial_undead_a, serial_undead_a, grunt_decor_mini_mirrors
D:3:      layout_basic, grunt_ministairs_14, minmay_door_square, uniq_grinder,
          uniq_natasha, uniq_purgy

Skill      XL: |  1  2  3  4 |
---------------+-------------+-----
Summonings     | 5 |  5.5
Spellcasting   | 4 |  4.5
Translocations | 1 |  1.6
Dodging        | 3 |  3.0
Short Blades   | |  0.4
Stealth        | |  2.5

Action                   |  1- 3 |  4- 6 || total
-------------------------+-------+-------++-------
Melee: Unarmed           |     6 |       ||     6
       Rapier            |    47 |    27 ||    74
 Cast: Summon Small Mamm |    72 |    33 ||   105
       Blink             |     2 |     5 ||     7
       Call Canine Famil |       |     3 ||     3
 Stab: Distracted        |     1 |       ||     1
Armor: Robe              |    43 |    18 ||    61
Dodge: Dodged            |    79 |    47 ||   126

Table legend: (Time is in decaauts)
 A = Elapsed time spent in this place.
 B = Non-inter-level travel time spent in this place.
 C = Inter-level travel time spent in this place.
 D = Time resting spent in this place.
 E = Time spent auto-exploring this place.
 F = Levels seen in this place.
 G = Mean time per level.
                   A        B        C        D        E       F      G
               +--------+--------+--------+--------+--------+-----+--------+
         Total |   3303 |   3249 |     54 |    166 |   2315 |   3 | 1101.0 |
       Dungeon |   3303 |   3249 |     54 |    166 |   2315 |   3 | 1101.0 |
               +--------+--------+--------+--------+--------+-----+--------+

Top non-repeatable levels by time:
     D:2: 1785 daAuts
     D:1: 1059 daAuts
     D:3: 458 daAuts
